 Dungeon Crawl Stone Soup version 0.23-a0-677-g07611c5723 (webtiles) character file.

23540 Morbidden the Blocker (level 13, 0/69 HPs)
             Began as a Vine Stalker Fighter on Jan 10, 2019.
             Was a High Priest of Cheibriados.
             Succumbed to a sea snake's poison
             ... on level 6 of the Lair of Beasts.
             The game lasted 00:25:48 (9673 turns).

Morbidden the Blocker (Vine Stalker Fighter)        Turns: 9673, Time: 00:25:48

Health: 0/69       AC: 19    Str: 34    XL:     13   Next: 7%
Magic:  8/26       EV:  9    Int: 21    God:    Cheibriados [*****.]
Gold:   811        SH: 21    Dex: 30    Spells: 29/29 levels left

rFire    . . .     SeeInvis +   r - +2 demon whip (elec)
rCold    + . .     Gourm    .   c - +1 shield
rNeg     . . .     Faith    .   m - +2 plate armour {rC+}
rPois    .         Spirit   +   I - +0 helmet
rElec    .         Reflect  +   p - +0 cloak
rCorr    +         Harm     .   (no gloves)
MR       +....                  a - +0 pair of boots
Stlth    ..........             w - +5 amulet of reflection
HPRegen  1.01/turn              h - ring of resist corrosion
MPRegen  0.20/turn              G - ring of see invisible

@: lethally poisoned (0 -> -46), very slow
A: fangs 3, regeneration 2, magic shield, antimagic bite, no potion heal 3, rot
immunity
a: Bend Time, Temporal Distortion, Slouch, Step From Time, Renounce Religion


You were on level 6 of the Lair of Beasts.
You worshipped Cheibriados.
Cheibriados was extremely pleased with you.
You were very hungry.

You visited 3 branches of the dungeon, and saw 17 of its levels.

You collected 811 gold pieces.

Inventory:

Hand Weapons
 r - a +2 demon whip of electrocution (weapon)
 s - a +1 dagger of electrocution
Armour
 a - a +0 pair of boots (worn)
 c - a +1 shield (worn)
 m - a +2 plate armour of cold resistance (worn)
 p - a +0 cloak (worn)
 I - a +0 helmet (worn)
Jewellery
 h - a ring of resist corrosion (left hand)
 w - a +5 amulet of reflection (around neck)
 F - an uncursed ring of ice
 G - a ring of see invisible (right hand)
Wands
 b - a wand of paralysis (4)
 z - a wand of acid (12)
 B - a wand of iceblast (8)
Scrolls
 e - 7 scrolls of remove curse
 k - 2 scrolls of fog
 q - 2 scrolls of teleportation
 t - 3 scrolls of identify
 x - 3 scrolls of fear
 y - 3 scrolls of enchant armour
 D - a scroll of magic mapping
 E - a scroll of silence
 H - a scroll of amnesia
Potions
 d - a potion of might
 g - a potion of lignification {unknown}
 i - 10 potions of curing
 j - a potion of brilliance {unknown}
 l - 3 potions of degeneration {unknown}
 n - 2 potions of cancellation {unknown}
 o - 2 potions of agility {unknown}
 u - 2 potions of ambrosia {unknown}
 v - 3 potions of invisibility
 C - a potion of berserk rage {unknown}
Miscellaneous
 A - a phial of floods (inert)
Comestibles
 f - 27 rations


   Skills:
 * Level 8.6 Fighting
 + Level 4.8(5.7) Short Blades
   Level 4.6(5.6) Long Blades
 + Level 6.9 Maces & Flails
 + Level 6.8 Armour
 * Level 2.9 Dodging
 + Level 1.0 Stealth
 + Level 9.0 Shields
 * Level 8.8 Spellcasting
 * Level 6.8 Invocations
 + Level 0.2 Evocations


You had 29 spell levels left.
You didn't know any spells.
Your spell library contained the following spells:

 Spells                   Type           Power        Failure   Level  Hunger
 Animate Skeleton         Necr           N/A          73%         1    None
 Apportation              Tloc           #.....       73%         1    None
 Confusing Touch          Hex            #.....       73%         1    None
 Flame Tongue             Conj/Fire      #....        73%         1    None
 Magic Dart               Conj           #...         73%         1    None
 Pain                     Necr           #...         73%         1    None
 Summon Small Mammal      Summ           #...         73%         1    None
 Blink                    Tloc           N/A          86%         2    None
 Call Imp                 Summ           #.......     86%         2    None
 Slow                     Hex            #.......     86%         2    None
 Throw Flame              Conj/Fire      #.....       86%         2    None
 Conjure Flame            Conj/Fire      #.......     97%         3    None
 Inner Flame              Hex/Fire       #.......     97%         3    None
 Mephitic Cloud           Conj/Pois/Air  #.......     97%         3    None
 Regeneration             Chrm/Necr      #.........   97%         3    None
 Vampiric Draining        Necr           #.........   97%         3    None
 Animate Dead             Necr           N/A          100%        4    ###....
 Sticky Flame             Conj/Fire      #.......     100%        4    ###....
 Fireball                 Conj/Fire      #.........   100%        5    #####..


Dungeon Overview and Level Annotations

Branches:
Dungeon (11/15)            Temple (1/1) D:5            Lair (5/6) D:9
  Snake (0/4) Lair:2          Orc (0/2) D:9
  Swamp: Lair:2-4    Shoals: Lair:2-4     Slime: Lair:5-6

Altars:
Ashenzari
Cheibriados
Dithmenos
Elyvilon
Fedhas
Gozag
Hepliaklqana
Kikubaaqudgha
Makhleb
Nemelex Xobeh
Okawaru
Qazlal
Ru
Sif Muna
Trog
Uskayaw
Vehumet
Wu Jian
Xom
Yredelemnul
Zin
The Shining One
Lugonu

Annotations:
D:3 1 runed door


Innate Abilities, Weirdness & Mutations

You have razor-sharp teeth.
You heal very quickly.
When hurt, damage is shared between your health and your magic reserves.
Your bite disrupts and absorbs the magic of your enemies.
Potions cannot restore your health.
You are immune to rotting.


Message History

The sea snake poisons you!
Unknown command.
Unknown command.
You miss the sea snake. You bite the sea snake. You drain its power.
You feel invigorated.
The sea snake is almost dead.
* * * LOW HITPOINT WARNING * * *
You feel very sick.
The wind drake exhales a fierce blast of wind!
You are blown backwards!
The sea snake is blown away by the wind.
Unknown command.
Okay, then.
You can feel time thicken for a moment.
You kill the sea snake!
Cheibriados appreciates the change of pace.
Your Shields skill increases to level 9!
You feel somewhat more hungry.
Cheibriados lowers the support of your attributes as your movement quickens.
You die...

.≈..≈≈.#≈≈#.†≈#.≈≈.#≈≈##≈≈##
.≈....≈≈P≈.P..≈≈.≈.≈≈..≈≈≈.≈
......≈≈.......†....≈....P#
.......#.................#
.......##...k.†...†PP.P##
........##.....)....#.##
.......####..........#########
.......P#
#.......#####......##.
.......##
##....@###............
........#
##....P..............
.......##
#...................#
....P.######...†...†.....†...#
.......##.#..#.†............##
.#.....#......##.......#.##.#
####.......P.####.....#### .#
##.#.....## ##..### #
#.#.†..## #..#


You could see a wind drake.

Vanquished Creatures
  A merfolk avatar (Lair:6)
  2 hydras
  A two-headed ogre (D:9)
  2 sea snakes (Lair:6)
  3 elephants (Lair:6)
  2 black mambas
  Maurice (D:10)
  2 spiny frogs
  3 komodo dragons
  A rime drake (Lair:4)
  A troll (D:9)
  3 polar bears (Lair:6)
  Prince Ribbit (D:5)
  A wind drake (Lair:6)
  4 hippogriffs
  8 blink frogs (Lair:1)
  2 wyverns (Lair:6)
  A basilisk (Lair:4)
  25 yaks
  A hungry ghost (D:7)
  Edmund (D:6)
  11 water moccasins
  2 nagas (Lair:2)
  9 porcupines
  4 orc warriors
  2 sky beasts
  3 black bears
  An ice beast (D:9)
  A phantom (D:4)
  5 ogres
  8 wolves
  11 crocodiles
  5 centaurs
  A big kobold (D:9)
  12 bullfrogs
  A gnoll sergeant (D:9)
  A scorpion (D:8)
  3 wights (D:8)
  6 killer bees (D:9)
  2 crimson imps
  A centaur zombie (D:5)
  5 hounds
  4 orc priests
  3 jellies
  8 orc wizards
  2 bullfrog skeletons (D:5)
  10 worker ants
  3 iguanas
  9 gnolls
  6 adders
  3 oozes
  A dart slug (D:2)
  4 leopard geckos
  26 orcs
  5 giant cockroaches
  7 goblins
  3 hobgoblins
  12 kobolds
  3 quokkas
  3 ball pythons
  8 bats
  3 frilled lizards
  A jackal skeleton (D:5)
  6 rats
290 creatures vanquished.

Vanquished Creatures (collateral kills)
  A water moccasin (Lair:6)
1 creature vanquished.

Vanquished Creatures (others)
  A manticore (Lair:6)
  2 fungi
3 creatures vanquished.

Grand Total: 294 creatures vanquished

Notes
Turn   | Place    | Note
-------+----------+-------------------------------------------
     0 | D:1      | Morbidden the Vine Stalker Fighter began the quest for the
                  | Orb.
     0 | D:1      | Reached XP level 1. HP: 11/11 MP: 2/2
   222 | D:1      | Reached XP level 2. HP: 16/16 MP: 3/3
   578 | D:2      | Found an opulent altar of Gozag.
   678 | D:1      | Reached XP level 3. HP: 6/20 MP: 4/4
  1016 | D:2      | Found a white marble altar of Elyvilon.
  1137 | D:2      | Reached skill level 3 in Shields
  1137 | D:2      | Gained mutation: Your natural rate of healing is unusually
                  | fast. [Vine Stalker growth]
  1137 | D:2      | Reached XP level 4. HP: 4/24 MP: 3/5
  1248 | D:2      | Found a stormy altar of Qazlal.
  1249 | D:2      | Found a glowing silver altar of Zin.
  1603 | D:3      | Reached XP level 5. HP: 28/28 MP: 7/7
  1671 | D:3      | Found an ancient bone altar of Kikubaaqudgha.
  1733 | D:3      | Reached skill level 1 in Spellcasting
  1764 | D:3      | Found a sparkling altar of Nemelex Xobeh.
  1782 | D:3      | Found a white marble altar of Elyvilon.
  1782 | D:3      | Found a runed door.
  1782 | D:3      | Noticed an angel
  1794 | D:3      | Found a shadowy altar of Dithmenos.
  2120 | D:4      | Noticed a phantom
  2174 | D:4      | Killed a phantom
  2206 | D:4      | Reached XP level 6. HP: 28/32 MP: 9/9
  2728 | D:4      | Reached XP level 7. HP: 20/37 MP: 7/11
  2930 | D:5      | Entered Level 5 of the Dungeon
  2930 | D:5      | Noticed Prince Ribbit
  3015 | D:5      | Found a staircase to the Ecumenical Temple.
  3041 | Temple   | Entered the Ecumenical Temple
  3069 | Temple   | Became a worshipper of Cheibriados the Contemplative
  3093 | D:5      | Found a basalt altar of Yredelemnul.
  3589 | D:5      | Killed Prince Ribbit
  3589 | D:5      | Reached skill level 1 in Short Blades
  3589 | D:5      | Gained mutation: You have razor-sharp teeth. [Vine Stalker
                  | growth]
  3589 | D:5      | Reached XP level 8. HP: 32/42 MP: 10/14
  3674 | D:6      | Reached skill level 1 in Dodging
  3706 | D:6      | Found a radiant altar of Vehumet.
  3808 | D:6      | Noticed Edmund
  3817 | D:6      | Killed Edmund
  3817 | D:6      | Reached skill level 4 in Shields
  3868 | D:6      | Found an ornate altar of the Wu Jian Council.
  3951 | D:6      | Reached * piety under Cheibriados
  3990 | D:6      | Reached skill level 5 in Fighting
  4040 | D:6      | Found a shimmering altar of Xom.
  4108 | D:6      | Found a hazy altar of Hepliaklqana.
  4362 | D:7      | Found a shattered altar of Ashenzari.
  4421 | D:7      | Found a sacrificial altar of Ru.
  4473 | D:7      | Reached XP level 9. HP: 47/47 MP: 16/16
  4731 | D:7      | Found a shimmering altar of Xom.
  4731 | D:7      | Found a shimmering altar of Xom.
  4731 | D:7      | Found a shimmering altar of Xom.
  4731 | D:7      | Found a shimmering altar of Xom.
  4731 | D:7      | Found a shimmering altar of Xom.
  4732 | D:7      | Found a shimmering altar of Xom.
  4905 | D:8      | Reached ** piety under Cheibriados
  4905 | D:8      | Reached skill level 5 in Spellcasting
  5000 | D:8      | Reached skill level 5 in Shields
  5670 | D:8      | Reached skill level 5 in Armour
  5839 | D:9      | Reached XP level 10. HP: 50/53 MP: 19/19
  5842 | D:9      | Found a staircase to the Orcish Mines.
  5929 | D:9      | Found a bloodstained altar of Trog.
  5949 | D:9      | Reached *** piety under Cheibriados
  6049 | D:9      | Found a staircase to the Lair.
  6104 | D:9      | Reached skill level 1 in Invocations
  6235 | D:9      | Noticed a two-headed ogre
  6242 | D:9      | Killed a two-headed ogre
  6242 | D:9      | Reached skill level 6 in Shields
  6753 | D:10     | Entered Level 10 of the Dungeon
  6769 | D:10     | Found a blossoming altar of Fedhas.
  6775 | D:10     | Reached **** piety under Cheibriados
  6783 | D:10     | Got a ripped robe
  6785 | D:10     | Identified the +2 robe "Lodd" {Stlth+} (You found it on
                  | level 10 of the Dungeon)
  6876 | D:10     | Reached skill level 1 in Maces & Flails
  6913 | D:10     | Reached XP level 11. HP: 22/58 MP: 19/22
  7381 | D:10     | Noticed Maurice
  7387 | D:10     | Killed Maurice
  7545 | Lair:1   | Entered Level 1 of the Lair of Beasts
  7657 | Lair:1   | Reached skill level 1 in Stealth
  7691 | Lair:1   | Reached skill level 7 in Shields
  7702 | Lair:1   | Reached ***** piety under Cheibriados
  7906 | Lair:1   | Noticed an eight-headed hydra
  7913 | Lair:1   | Killed an eight-headed hydra
  7913 | Lair:1   | Reached skill level 5 in Invocations
  8294 | D:11     | Noticed a seven-headed hydra
  8664 | Lair:2   | Found a staircase to the Snake Pit.
  8826 | Lair:2   | You fall through a shaft for 2 floors!
  8835 | Lair:4   | Gained mutation: You heal very quickly. [Vine Stalker
                  | growth]
  8835 | Lair:4   | Reached XP level 12. HP: 64/64 MP: 24/24
  8895 | Lair:4   | Reached skill level 5 in Maces & Flails
  8946 | Lair:4   | Noticed a five-headed hydra
  8953 | Lair:4   | Killed a five-headed hydra
  8989 | Lair:4   | Reached skill level 8 in Shields
  9475 | Lair:5   | You fall through a shaft!
  9475 | Lair:6   | Entered Level 6 of the Lair of Beasts
  9633 | Lair:6   | Reached ****** piety under Cheibriados
  9641 | Lair:6   | Noticed a merfolk avatar
  9652 | Lair:6   | Killed a merfolk avatar
  9665 | Lair:6   | Reached XP level 13. HP: 30/69 MP: 17/26
  9673 | Lair:6   | Reached skill level 9 in Shields
  9673 | Lair:6   | Succumbed to a sea snake's poison

Vault maps used:
D:1:      nicolae_arrival_washed_ashore, feat_on_display
D:2:      lemuel_coloured_pillars_altar, minitemple, lemuel_crystal_altar
D:3:      lemuel_round_altar, nicolae_dithmenos_shadow_blocks,
          overflow_temple_1_default, lemuel_angel_altar
D:4:      minmay_door_square, feat_on_display
D:5:      yredelemnul_altar_generic, minmay_temple_entry_offerings,
          first_ration, uniq_prince_ribbit1
D:6:      lemuel_upstairs_altar, kennysheep_mini_moat,
          overflow_temple_1_default, basic_altar, vehumet_altar_wand_db,
          uniq_edmund
D:7:      ashenzari_altar_1, hangedman_ru_absence, xom_shifter_show
D:8:      minmay_octagon_keep
D:9:      trog_ov_bears_minmay, lair_entry_dummy, orc_david_3
D:10:     serial_curves, eino_curves_04, eino_curves_01, eino_curves_02,
          fedhas_altar_1, uniq_maurice
D:11:     serial_shops, nicolae_shop_trees
Temple:   corrupted_temple
Lair:1:   st_stairs_3
Lair:2:   guppyfry_snake_entry_island, serial_bayou_shore_b
Lair:5:   minmay_slime_entry_pillars, grunt_forest_stairs_clearing
Lair:6:   gammafunk_lair_ancient_temple, minmay_lair_oklob_chamber

Skill      XL: |  1  2  3  4  5  6  7  8  9 10 11 12 13 |
---------------+----------------------------------------+-----
Long Blades    | 2 3 4 |  4.6
Fighting       | 3 4 5 6 7 8 |  8.6
Shields        | 3 4 5 6 7 8 9 |  9.0
Armour         | 3 4 5 6 |  6.8
Spellcasting   | 1 2 3 4 5 6 7 8 |  8.8
Short Blades   | 1 2 4 |  4.8
Dodging        | 1 2 |  2.9
Invocations    | 3 5 6 |  6.8
Maces & Flails | 2 4 6 |  6.9
Stealth        | 1 |  1.0
Evocations     | |  0.2

Action                   |  1- 3 |  4- 6 |  7- 9 | 10-12 | 13-15 || total
-------------------------+-------+-------+-------+-------+-------++-------
Melee: Long sword        |    67 |   144 |       |       |       ||   211
       Bite              |    17 |    49 |   123 |   249 |     4 ||   442
       Dagger            |       |       |   313 |    94 |       ||   407
       Demon whip        |       |       |       |   385 |     6 ||   391
Invok: Slouch            |       |       |       |     1 |     2 ||     3
Evoke: Wand              |       |       |       |     1 |       ||     1
       Phial of floods   |       |       |       |     1 |       ||     1
  Use: Scroll            |       |     1 |    12 |     7 |       ||    20
       Potion            |       |       |       |     1 |       ||     1
  Eat: Chunk             |       |     5 |     9 |     7 |       ||    21
Armor: Scale mail        |    24 |    32 |       |       |       ||    56
       Chain mail        |       |    28 |    85 |     2 |       ||   115
       Plate armour      |       |       |       |   204 |     4 ||   208
Dodge: Dodged            |    18 |    38 |    58 |   127 |     1 ||   242
Block: Shield            |    27 |    69 |   156 |   488 |     8 ||   748
       Reflection        |       |       |       |     7 |       ||     7
       Rpst.: Long sword |     7 |    12 |       |       |       ||    19

Table legend:
 A = Non-vault XP
 B = Vault XP
 C = Vault XP percentage of total XP
 D = Non-vault monster count
 E = Vault monster count
 F = Vault count percentage of total count
                 A         B        C        D         E       F
            +---------+---------+-------+---------+---------+-------
      Total |   24412 |    9217 |  27.4 |     251 |      41 |  14.0
            +---------+---------+-------+---------+---------+-------
        D:1 |      30 |       0 |   0.0 |      11 |       0 |   0.0
        D:2 |     132 |       0 |   0.0 |      19 |       0 |   0.0
        D:3 |      19 |       0 |   0.0 |      14 |       0 |   0.0
        D:4 |     497 |       0 |   0.0 |      19 |       0 |   0.0
        D:5 |     492 |     277 |  36.0 |      13 |       1 |   7.1
        D:6 |     245 |     173 |  41.4 |      12 |       2 |  14.3
        D:7 |     993 |       0 |   0.0 |      16 |       0 |   0.0
        D:8 |     967 |     688 |  41.6 |      16 |      11 |  40.7
        D:9 |    2970 |     530 |  15.1 |      34 |       7 |  17.1
       D:10 |    1709 |     449 |  20.8 |      18 |       1 |   5.3
     Lair:1 |    5913 |     157 |   2.6 |      26 |       1 |   3.7
     Lair:2 |    1281 |     310 |  19.5 |       7 |       2 |  22.2
     Lair:4 |    6570 |       0 |   0.0 |      31 |       0 |   0.0
     Lair:6 |    2594 |    6633 |  71.9 |      15 |      16 |  51.6
            +---------+---------+-------+---------+---------+-------
